 Dungeon Crawl Stone Soup version 0.31-a0-1591-g515db51633 (webtiles) character file.

Game seed: 10126112312915474408

72 benadryl the Trooper (level 4, -1/31 HPs)
             Began as a Gargoyle Fighter on Jan 6, 2024.
             Was a Follower of Lugonu.
             Slain by a gnoll
             ... wielding a +0 spear
              (3 damage)
             ... on level 3 of the Dungeon.
             The game lasted 00:01:13 (1538 turns).

benadryl the Trooper (Gargoyle Fighter)             Turns: 1538, Time: 00:01:13

Health: -1/31      AC: 10    Str: 19    XL:     4   Next: 26%
Magic:  4/4        EV:  9    Int:  9    God:    Lugonu [*.....]
Gold:   77         SH:  4    Dex: 11    Spells: 3/3 levels left

rFire   . . .        g - +2 short sword (speed)
rCold   . . .        c - +0 buckler
rNeg    + . .        b - +0 scale mail
rPois   ∞            (no helmet)
rElec   +            (no cloak)
rCorr   .            (no gloves)
SInv    .            (no boots)
Will    .....        (no amulet) Stlth
                     (no ring)
HPRegen 0.25/turn    (no ring)
MPRegen 0.09/turn

%: no passive effects
@: no status effects
A: sickness immunity, AC +3, negative energy resistance 1, electricity
resistance, torment resistance 1, petrification resistance
a: Renounce Religion, Depart the Abyss


You were on level 3 of the Dungeon.
You worshipped Lugonu.
Lugonu was aware of your devotion.
You visited 1 branch of the dungeon, and saw 3 of its levels.

You collected 77 gold pieces.

Inventory:

Hand Weapons
 a - a +0 war axe of draining
 g - a +2 short sword of speed (weapon)
 n - a +2 sling of flaming
Armour
 b - a +0 scale mail (worn)
 c - a +0 buckler (worn)
Jewellery
 j - a +4 ring of protection
Scrolls
 i - a scroll of blinking {unknown}
 l - a scroll of enchant weapon {unknown}
 m - a scroll of identify {unknown}
Potions
 d - 2 potions of might
 o - a potion of curing {unknown}
 p - a potion of cancellation
 q - a potion of lignification {unknown}


   Skills:
 * Level 5.4 Fighting
 - Level 1.9 Axes
 - Level 3.2 Armour
 - Level 3.2 Shields


You had 3 spell levels left.
You didn't know any spells.
Your spell library contained the following spells:

 Spells                   Type           Power      Damage    Failure   Level
 Dazzling Flash           Conj/Hex       0%         N/A       99%         3
 Mephitic Cloud           Conj/Alch/Air  0%         N/A       99%         3
 Curse of Agony           Necr           0%         N/A       100%        5
 Silence                  Hex/Air        0%         N/A       100%        5


Dungeon Overview and Level Annotations

Branches:
Dungeon (3/15)

Altars:
Lugonu


Innate Abilities, Weirdness & Mutations

You are immune to sickness and miasma.
Your stone body is resilient. (AC +3)
You are immune to poison.
You resist negative energy. (rN+)
You are resistant to electric shocks. (rElec)
You are resistant to unholy torment.
You are immune to petrification.


Message History

There are monsters nearby!
You are too injured to fight recklessly!
You are too injured to fight recklessly!
You are too injured to fight recklessly!
You are too injured to fight recklessly!
You are too injured to fight recklessly!
Unknown command.
You hit the gnoll.
The gnoll is almost dead.
The gnoll hits you but does no damage. x2
You closely miss the gnoll.
The gnoll is almost dead.
You hit the gnoll but do no damage.
The gnoll is almost dead.
The gnoll hits you from afar with a +0 spear.
The gnoll hits you with a +0 flail.
You hit the gnoll but do no damage.
The gnoll is almost dead.
The gnoll closely misses you. x2
You barely miss the gnoll.
The gnoll is almost dead.
The gnoll hits you with a +0 flail!
* * * LOW HITPOINT WARNING * * *
The gnoll hits you but does no damage.
You hit the gnoll.
You kill the gnoll!
Lugonu accepts your kill. You block the gnoll's attack.
Items here: ))) ††.
You closely miss the gnoll. The gnoll hits you with a +0 spear.
* * * LOW HITPOINT WARNING * * *
You hit the gnoll.
The gnoll is moderately wounded.
The gnoll hits you with a +0 spear!
* * * LOW HITPOINT WARNING * * *
It was a potion of magic.
Magic courses through your body. The gnoll misses you.
It was a potion of cancellation.
You feel magically purged. The gnoll hits you with a +0 spear.
You die...

##+## ##§§§## ###
#.§.§§## ...
#..§..†§## #.##
#....§.....####g..#[.#
##.........'..@.....#
#..........####...#.#
.##.......## #.##
##.>...## ... ##...##
##. ##+# #


You could see a gnoll.

Vanquished Creatures
  3 gnolls (D:3)
  2 dart slugs
  3 ball pythons
  3 endoplasms (D:1)
  3 giant cockroaches
  5 hobgoblins
  3 jackals (D:2)
  3 quokkas
  3 bats (D:1)
  2 frilled lizards
  2 goblins
  3 kobolds
  2 rats (D:1)
37 creatures vanquished.

Notes
Turn   | Place    | Note
-------+----------+-------------------------------------------
     0 | D:1      | benadryl the Gargoyle Fighter began the quest for the Orb.
     0 | D:1      | Reached XP level 1. HP: 14/14 MP: 1/1
   119 | D:1      | Found a faded altar of an unknown god.
   227 | D:1      | Reached XP level 2. HP: 19/20 MP: 2/2
   256 | D:1      | Reached skill level 4 in Fighting
   677 | D:1      | Prayed at the altar of an unknown god.
   677 | D:1      | Became a worshipper of Lugonu the Unformed
   677 | D:1      | Reached * piety under Lugonu
   738 | D:2      | Reached XP level 3. HP: 24/24 MP: 3/3
  1503 | D:3      | Reached skill level 5 in Fighting
  1516 | D:3      | Reached XP level 4. HP: 29/31 MP: 4/4
  1536 | D:3      | HP: 1/31 [gnoll/+0 spear (7)]
  1538 | D:3      | Slain by a gnoll

Illustrated notes

Levels and vault maps discovered:
D:1:      dpeg_arrival_short_road, layout_rooms,
          hellmonk_ecumenical_altar_heavens_door, minivault_27,
          minmay_misc_feat_secret_circle, minmay_misc_feat_four_crosses,
          minmay_stone_trees_medium
D:2:      layout_basic
D:3:      layout_loops_corners, serial_shops, shop, uniq_ijyb

Skill      XL: |  1  2  3 |
---------------+----------+-----
Fighting       | 4 5 |  5.4
Axes           | |  1.9
Armour         | |  3.2
Shields        | |  3.2

Action                     |  1- 3 |  4- 6 || total
---------------------------+-------+-------++-------
  Melee: War axe           |    10 |       ||    10
         Short sword       |   111 |    20 ||   131
    Use: Scroll            |     3 |       ||     3
         Potion            |       |     2 ||     2
 Armour: Scale mail        |    47 |    19 ||    66
  Dodge: Dodged            |    34 |     6 ||    40
  Block: Buckler           |    15 |     3 ||    18

Table legend: (Time is in decaauts)
 A = Elapsed time spent in this place.
 B = Non-inter-level travel time spent in this place.
 C = Inter-level travel time spent in this place.
 D = Time resting spent in this place.
 E = Time spent auto-exploring this place.
 F = Levels seen in this place.
 G = Mean time per level.
                   A        B        C        D        E       F      G
               +--------+--------+--------+--------+--------+-----+--------+
         Total |   1499 |   1388 |    111 |      0 |   1152 |   3 |  499.7 |
       Dungeon |   1499 |   1388 |    111 |      0 |   1152 |   3 |  499.7 |
               +--------+--------+--------+--------+--------+-----+--------+

Top non-repeatable levels by time:
     D:2: 782 daAuts
     D:1: 673 daAuts
     D:3: 43 daAuts
